 Dungeon Crawl Stone Soup version 0.27-a0-1200-g94dc6ad4cf (webtiles) character file.

Game seed: 15571925564718983261

8446 robertstho the Archer (level 11, -3/99 HPs)
             Began as a Minotaur Hunter on June 1, 2021.
             Was a High Priest of Okawaru.
             Slain by a six-headed hydra (4 damage)
             ... on level 1 of the Lair of Beasts.
             The game lasted 00:14:07 (11267 turns).

robertstho the Archer (Minotaur Hunter)            Turns: 11267, Time: 00:14:09

Health: -3/99      AC: 13    Str: 26    XL:     11   Next: 10%
Magic:  14/14      EV: 11    Int:  8    God:    Okawaru [*****.]
Gold:   596        SH:  5    Dex: 14    Spells: 10/10 levels left

rFire    + . .     SeeInvis .   b - +3 longbow of the Omega Point {venom, rF+ rCorr Str+3}
rCold    . . .     Faith    .   (shield currently unavailable)
rNeg     . . .     Spirit   .   c - +0 scale mail
rPois    .         Reflect  +   (helmet restricted)
rElec    .         Harm     .   z - +0 cloak
rCorr    +         Rampage  .   n - +0 pair of gloves
Will     .....                  e - +2 pair of boots
Stlth    ..........             y - amulet of reflection
HPRegen  0.26/turn              h - +6 ring of strength
MPRegen  0.14/turn              j - ring of resist corrosion

@: no status effects
A: horns 2, retaliatory headbutt
a: Renounce Religion, Heroism, Finesse


You were on level 1 of the Lair of Beasts.
You worshipped Okawaru.
Okawaru was extremely pleased with you.
You visited 2 branches of the dungeon, and saw 10 of its levels.

You collected 596 gold pieces.

Inventory:

Hand Weapons
 b - the +3 longbow of the Omega Point (weapon) {venom, rF+ rCorr Str+3}
   (You acquired it on level 7 of the Dungeon)

   It poisons the ammo it fires.
   It affects your strength (+3).
   It protects you from fire.
   It protects you from acid and corrosion.
 r - the +8 whip of Nightmares {drain, rC+}
   (You found it on level 4 of the Dungeon)

   A truly terrible weapon, it drains the life of those it strikes.
   It protects you from cold.
Missiles
 d - 198 arrows (quivered ammo)
 A - 14 boomerangs of dispersal
Armour
 c - a +0 scale mail (worn)
 e - a +2 pair of boots (worn)
 n - a +0 pair of gloves (worn)
 z - a +0 cloak (worn)
Jewellery
 h - a +6 ring of strength (left hand)
 j - a ring of resist corrosion (right hand)
 y - an amulet of reflection (around neck)
Wands
 w - a wand of acid (7)
Scrolls
 l - 2 scrolls of blinking {unknown}
 q - a scroll of amnesia {unknown}
 t - 3 scrolls of enchant armour {unknown}
 u - a scroll of summoning
 x - 2 scrolls of teleportation
 B - a scroll of vulnerability {unknown}
Potions
 a - a potion of ambrosia {unknown}
 f - 2 potions of haste {unknown}
 g - 2 potions of brilliance {unknown}
 k - 2 potions of heal wounds {unknown}
 m - a potion of might {unknown}
 p - a potion of lignification
 s - a potion of mutation {unknown}
 v - a potion of invisibility
Miscellaneous
 i - a condenser vane


   Skills:
 * Level 9.7 Fighting
 + Level 0.7 Short Blades
 * Level 14.3 Bows
 + Level 5.7 Armour
 + Level 2.8 Dodging
 - Level 0.7 Stealth
 + Level 0.6 Shields
 * Level 5.8 Invocations
 + Level 0.1 Evocations


You had 10 spell levels left.
You didn't know any spells.
Your spell library contained the following spells:

 Spells                   Type           Power      Damage    Failure   Level
 Sting                    Tmut/Pois      0%         1d3       67%         1
 Poisonous Vapours        Pois/Air       0%         N/A       80%         2
 Ignite Poison            Fire/Tmut/Pois 0%         N/A       95%         3
 Mephitic Cloud           Conj/Pois/Air  0%         N/A       95%         3
 Olgreb's Toxic Radiance  Pois           0%         N/A       100%        4


Dungeon Overview and Level Annotations

Branches:
Dungeon (9/15)             Temple (0/1) D:6            Lair (1/6) D:8
    Orc: D:9-12

Altars:
Cheibriados
Dithmenos
Fedhas
Hepliaklqana
Makhleb
Nemelex Xobeh
Okawaru
Vehumet
Wu Jian
Xom
Zin


Innate Abilities, Weirdness & Mutations

You have a pair of horns on your head.
You reflexively headbutt those who attack you in melee.


Message History

The six-headed hydra bites you!
The six-headed hydra bites you but does no damage.
The six-headed hydra bites you. The six-headed hydra misses you.
The six-headed hydra bites you but does no damage.
The six-headed hydra barely misses you.
You feel like a meek peon again.
The six-headed hydra looks more healthy.
Fire: 200 arrows
Press: ? - help, Q - select action, (/) - cycle Shift-Dir - straight line, f/p - six-headed hydra
Aim: a six-headed hydra (almost dead, 84% to hit)
You shoot an arrow. The arrow hits the six-headed hydra.
The six-headed hydra is almost dead.
The six-headed hydra completely misses you.
The six-headed hydra bites you but does no damage.
The six-headed hydra bites you. The six-headed hydra barely misses you.
The six-headed hydra bites you!
The six-headed hydra bites you but does no damage.
Found 24 gold pieces.
Fire: 199 arrows
Press: ? - help, Q - select action, (/) - cycle Shift-Dir - straight line, f/p - six-headed hydra
Aim: a six-headed hydra (severely wounded, 84% to hit)
You shoot an arrow.
The arrow barely misses the six-headed hydra.
The six-headed hydra bites you.
* * * LOW HITPOINT WARNING * * *
The six-headed hydra bites you!
* * * LOW HITPOINT WARNING * * *
The six-headed hydra bites you!
* * * LOW HITPOINT WARNING * * *
The six-headed hydra bites you.
* * * LOW HITPOINT WARNING * * *
The six-headed hydra barely misses you. The six-headed hydra misses you.
Okay, then.
You feel better.
The six-headed hydra bites you but does no damage.
The six-headed hydra bites you!
* * * LOW HITPOINT WARNING * * *
The six-headed hydra bites you but does no damage.
The six-headed hydra bites you.
You die...

.....#......##...................
.....#............##....#......#.
.....#.......#....##....#......#.
..................##....#......#.
.....#.......#....##.............
.....#......########...........#.
.....#......##.P###.....####(.##.
............................
.......@D......(........
........................
........................
....$...................
........................
...##.#.#####.....##.#(. ...
##### ...######(# .. ...##...(((
#......


You could see a six-headed hydra.

Vanquished Creatures
  A two-headed ogre (D:9)
  A cane toad (Lair:1)
  An unseen horror (D:7)
  A rime drake (Lair:1)
  3 komodo dragons (Lair:1)
  Grinder (D:6)
  A troll (D:8)
  2 hornets
  12 yaks
  Eustachio (D:4)
  An acid dragon (D:9)
  An orc warrior (D:8)
  3 sky beasts
  3 ogres
  2 wolves (D:8)
  A centaur (D:9)
  3 phantoms
  3 kobold brigands
  A gnoll sergeant (D:9)
  A bullfrog (Lair:1)
  2 scorpions
  A water moccasin skeleton (D:5)
  3 killer bees (D:7)
  16 wights
  3 electric eels (D:8)
  A howler monkey (D:6)
  2 jellies (D:5)
  2 bullfrog skeletons (D:5)
  A centaur skeleton (D:7)
  A centaur zombie (D:9)
  4 orc priests
  8 hounds
  2 orc wizards
  2 iguanas
  A howler monkey skeleton (D:7)
  4 gnolls (D:9)
  10 adders
  A white imp (D:6)
  2 worms
  3 dart slugs
  27 orcs
  5 ball pythons
  4 endoplasms
  4 giant cockroaches
  5 goblins
  7 hobgoblins
  4 jackals
  3 quokkas
  3 bats
  2 frilled lizards
  13 kobolds
  4 rats
193 creatures vanquished.

Notes
Turn   | Place    | Note
-------+----------+-------------------------------------------
     0 | D:1      | robertstho the Minotaur Hunter began the quest for the Orb.
     0 | D:1      | Reached XP level 1. HP: 18/18 MP: 0/0
   400 | D:1      | Reached XP level 2. HP: 19/25 MP: 1/1
   668 | D:1      | Reached skill level 5 in Bows
  1187 | D:2      | Found an iron altar of Okawaru.
  1202 | D:2      | Became a worshipper of Warmaster Okawaru
  1209 | D:2      | Reached XP level 3. HP: 30/30 MP: 2/2
  1268 | D:2      | Found a faded altar of an unknown god.
  1821 | D:3      | Reached skill level 1 in Armour
  1843 | D:3      | Reached skill level 1 in Invocations
  1843 | D:3      | Reached XP level 4. HP: 3/38 MP: 3/3
  2186 | D:3      | Reached * piety under Okawaru
  2354 | D:3      | Found a glowing silver altar of Zin.
  2500 | D:3      | Found a shadowy altar of Dithmenos.
  2906 | D:4      | Noticed a sky beast
  2912 | D:4      | Reached XP level 5. HP: 33/45 MP: 4/4
  2928 | D:4      | Killed a sky beast
  2929 | D:4      | Reached skill level 6 in Bows
  3417 | D:4      | Reached XP level 6. HP: 26/52 MP: 4/6
  3656 | D:4      | Noticed Eustachio
  3672 | D:4      | Killed Eustachio
  3673 | D:4      | Reached skill level 7 in Bows
  3849 | D:4      | Reached XP level 7. HP: 60/60 MP: 7/7
  3872 | D:4      | Identified the +8 whip of Nightmares {drain, rC+}
  4042 | D:4      | Found an ornate altar of the Wu Jian Council.
  4172 | D:4      | Reached skill level 8 in Bows
  4414 | D:5      | Entered Level 5 of the Dungeon
  4462 | D:5      | Reached ** piety under Okawaru
  4610 | D:5      | Found a blossoming altar of Fedhas.
  4694 | D:5      | Reached skill level 5 in Fighting
  4708 | D:5      | Reached skill level 9 in Bows
  4743 | D:5      | Reached XP level 8. HP: 42/68 MP: 7/9
  4882 | D:5      | Found a shimmering altar of Xom.
  4889 | D:5      | Found a shimmering altar of Xom.
  4900 | D:5      | Found a shimmering altar of Xom.
  4903 | D:5      | Found a shimmering altar of Xom.
  4930 | D:5      | Found a sparkling altar of Nemelex Xobeh.
  5899 | D:6      | Reached skill level 10 in Bows
  5926 | D:6      | Reached *** piety under Okawaru
  5926 | D:6      | Received a gift from Okawaru
  6042 | D:6      | Found a staircase to the Ecumenical Temple.
  6042 | D:6      | Noticed Grinder
  6047 | D:6      | Paralysed by Grinder for 7 turns
  6062 | D:6      | Killed Grinder
  6632 | D:7      | Reached skill level 11 in Bows
  6632 | D:7      | Reached XP level 9. HP: 50/78 MP: 10/10
  6870 | D:7      | Killed an unseen horror
  7295 | D:7      | Paralysed by a hornet for 1 turns
  7727 | D:7      | Found a hazy altar of Hepliaklqana.
  7730 | D:7      | Found a radiant altar of Vehumet.
  7734 | D:7      | Found a burning altar of Makhleb.
  7807 | D:7      | Found a snail-covered altar of Cheibriados.
  7887 | D:7      | Reached **** piety under Okawaru
  7981 | D:7      | Identified the +1 hunting sling of the Sun {speed, rElec
                  | Str+3}
  8087 | D:8      | Received a gift from Okawaru
  8161 | D:8      | Reached skill level 12 in Bows
  8196 | D:8      | Received a gift from Okawaru
  8224 | D:8      | HP: 1/121 [yak (9)]
  8228 | D:8      | Reached XP level 10. HP: 2/88 MP: 9/12
  8648 | D:7      | Identified a scroll of acquirement
  8648 | D:7      | Acquired the +3 longbow of the Omega Point {venom, rF+
                  | rCorr Str+3}
  8722 | D:8      | Received a gift from Okawaru
  8734 | D:8      | Reached skill level 13 in Bows
  8935 | D:8      | Received a gift from Okawaru
  9057 | D:8      | Found a staircase to the Lair.
  9205 | D:8      | Reached skill level 5 in Invocations
  9779 | D:9      | Received a gift from Okawaru
 10028 | D:9      | Reached skill level 5 in Armour
 10267 | D:9      | Noticed a two-headed ogre
 10275 | D:9      | Killed a two-headed ogre
 10275 | D:9      | Reached ***** piety under Okawaru
 10275 | D:9      | Received a gift from Okawaru
 10700 | Lair:1   | Entered Level 1 of the Lair of Beasts
 10970 | Lair:1   | Noticed a cane toad
 10977 | Lair:1   | Killed a cane toad
 10978 | Lair:1   | Reached skill level 14 in Bows
 11178 | Lair:1   | Received a gift from Okawaru
 11179 | Lair:1   | Reached XP level 11. HP: 97/97 MP: 14/14
 11234 | Lair:1   | Noticed a six-headed hydra
 11267 | Lair:1   | HP: 1/99 [six-headed hydra (9)]
 11267 | Lair:1   | Slain by a six-headed hydra

Illustrated notes

Levels and vault maps discovered:
D:1:      minmay_arrival_floating_metal, layout_basic,
          hangedman_abyss_or_decor_stabs
D:2:      layout_rooms, basic_altar, chequers_ecumenical_altar_simple_redux
D:3:      layout_loops_ring, amcnicky_altar_gilded, zin_academy
D:4:      layout_basic, nzn_wu_jian_council_hall, uniq_eustachio
D:5:      layout_cave_pods, xom_redecorated, fedhas_altar_2,
          nemelex_xobeh_ov_fountains_minmay, serial_column_ruins,
          column_ruins_corridor_straight, column_ruins_corridor_corner,
          column_ruins_grid_1, column_ruins_open_large,
          column_ruins_columns_corner, column_ruins_corridor_straight,
          column_ruins_open_small
D:6:      layout_cave_pools, minmay_temple_entry_statues_fountains, uniq_grinder
D:7:      layout_basic, general_overflow_altar, grunt_temple_overflow_diamond,
          minmay_unpleasant_kobolds
D:8:      layout_cave_pods, erik_lair_island
D:9:      layout_irregular_city
Lair:1:   layout_regular_city, lemuel_fruit_fields, serial_bayou_shore_b

Skill      XL: |  1  2  3  4  5  6  7  8  9 10 |
---------------+-------------------------------+-----
Bows           | 5 6 7 9 11 12 14 | 14.3
Fighting       | 3 4 5 6 8 9 |  9.7
Armour         | 1 2 3 4 5 |  5.7
Invocations    | 1 2 3 4 5 |  5.8
Short Blades   | |  0.7
Dodging        | |  2.8
Stealth        | |  0.7
Shields        | |  0.6
Evocations     | |  0.1

Action                   |  1- 3 |  4- 6 |  7- 9 | 10-12 || total
-------------------------+-------+-------+-------+-------++-------
Melee: Short sword       |    53 |       |       |       ||    53
       Headbutt          |    14 |       |       |       ||    14
       Whip              |       |       |     2 |       ||     2
 Fire: Shortbow          |    55 |   106 |   399 |       ||   560
       Longbow           |       |       |       |   143 ||   143
Invok: Heroism           |       |     3 |     5 |     1 ||     9
Evoke: Wand              |       |       |     3 |       ||     3
  Use: Potion            |     1 |     1 |     3 |     1 ||     6
       Scroll            |       |       |       |     5 ||     5
 Stab: Sleeping          |     1 |       |       |       ||     1
Armor: Leather armour    |    11 |       |       |       ||    11
       Ring mail         |     3 |       |       |       ||     3
       Scale mail        |       |    23 |    45 |    19 ||    87
       Skin              |       |       |     3 |       ||     3
Dodge: Dodged            |    30 |    15 |    64 |    24 ||   133
Block: Other             |       |       |       |    13 ||    13
       Reflection        |       |       |       |     1 ||     1

Table legend: (Time is in decaauts)
 A = Elapsed time spent in this place.
 B = Non-inter-level travel time spent in this place.
 C = Inter-level travel time spent in this place.
 D = Time resting spent in this place.
 E = Time spent auto-exploring this place.
 F = Levels seen in this place.
 G = Mean time per level.
                   A        B        C        D        E       F      G
               +--------+--------+--------+--------+--------+-----+--------+
         Total |  11194 |  10799 |    395 |   1015 |   8552 |  10 | 1119.4 |
       Dungeon |  10630 |  10235 |    395 |   1015 |   8077 |   9 | 1181.1 |
          Lair |    564 |    564 |      0 |      0 |    475 |   1 |  564.0 |
               +--------+--------+--------+--------+--------+-----+--------+

Top non-repeatable levels by time:
     D:8: 1698 daAuts
     D:4: 1551 daAuts
     D:7: 1531 daAuts
     D:5: 1317 daAuts
     D:1: 1198 daAuts
     D:3: 1035 daAuts
     D:9: 892 daAuts
     D:6: 766 daAuts
     D:2: 639 daAuts
  Lair:1: 564 daAuts
